AoeStats
← _vishi_

Black Forest

509689708Analyzed
4v4 RM · 5d ago on Sep 27, 2026· 52m 15s· 8 players
Game mode
Random Map
Map size
Large (8 player)
Population
200
Speed
Normal
Resources
Standard
Victory
Conquest
Starting age
Dark Age
Ending age
Imperial Age
RankedLock teamsTeams togetherTeam positionsShared explorationLock speedFull tech treeHidden civsTurbo modeCheats
Victory
Defeat
🇹🇼 Mapuche · Taiwan
1424
+14
🇮🇳 Turks · India
1363
+16
🇫🇷 Bohemians · France
1295
+19
🇺🇸 Byzantines · United States
1249
+22
🇫🇷 Koreans · France
1426
-20
🇵🇰 Celts · Pakistan
1368
-18
🇲🇽 Persians · Mexico
1350
-17
🇳🇱 Italians · Netherlands
1332
-16
chinsa_yama
0:51 Loom
12:22 Feudal Age
18:40 Castle Age
16:52 Double-Bit Axe
17:23 Horse Collar
19:52 Bow Saw
24:17 Fishing Lines
29:46 Imperial Age
27:48 Gillnets
27:50 Fletching
28:53 Wheelbarrow
28:49 Eupseong
28:46 Bodkin Arrow
29:47 Heavy Plow
30:13 Hand Cart
31:21 Bracer
31:44 Ballistics
32:28 Chemistry
32:00 Squires
31:22 Pikeman
32:40 Conscription
33:18 Ballistics
34:45 Masonry
34:34 Halberdier
35:29 Treadmill Crane
36:22 Architecture
38:03 Scale Mail Armor
38:13 Forging
38:15 Siege Engineers
41:03 Chain Mail Armor
41:24 Iron Casting
41:25 Conscription
42:41 Plate Mail Armor
45:13 Two-Man Saw
Ther_
1:10 Loom
15:44 Feudal Age
17:40 Wheelbarrow
17:15 Double-Bit Axe
22:31 Fishing Lines
27:02 Gold Mining
33:21 Castle Age
31:56 Fletching
32:36 Stone Mining
33:39 Padded Archer Armor
38:15 Imperial Age
35:42 Bodkin Arrow
36:53 Leather Archer Armor
37:32 Gillnets
40:06 Chemistry
39:46 Town Watch
40:25 Caravan
42:45 Squires
42:30 Arson
42:47 Scale Mail Armor
42:58 Forging
43:53 Conscription
43:55 Chain Mail Armor
47:01 Plate Mail Armor
TheFireKnight
8:09 Loom
11:45 Feudal Age
15:08 Castle Age
13:17 Fishing Lines
14:09 Double-Bit Axe
16:13 Bow Saw
19:16 Gillnets
21:12 Gold Mining
22:03 Wheelbarrow
21:11 Horse Collar
21:46 Town Watch
22:28 Heavy Plow
23:22 Stone Mining
24:43 Hand Cart
29:16 Imperial Age
27:02 Scale Barding Armor
27:07 Forging
27:07 Caravan
28:03 Bloodlines
27:59 Husbandry
29:06 Chain Barding Armor
29:22 Iron Casting
29:00 Masonry
29:31 Stone Shaft Mining
29:31 Gold Shaft Mining
30:32 Plate Barding Armor
30:19 Conscription
30:06 Elite War Elephant
32:16 Blast Furnace
31:40 Ballistics
31:50 Architecture
34:08 Chemistry
34:24 Citadels
34:59 Devotion
35:23 Fletching
36:38 Hoardings
36:09 Bodkin Arrow
38:41 Faith
42:16 Two-Man Saw
42:12 Cavalier
43:45 Savar
48:44 Crop Rotation
BliTz07
11:49 Feudal Age
10:21 Loom
17:09 Castle Age
17:59 Double-Bit Axe
26:06 Gold Mining
26:30 Bow Saw
26:27 Horse Collar
27:30 Gold Shaft Mining
26:46 Stone Mining
27:49 Heavy Plow
32:29 Imperial Age
30:50 Wheelbarrow
33:14 Heavy Scorpion
36:52 Fletching
37:43 Conscription
36:55 Capped Ram
37:38 Siege Ram
38:29 Bodkin Arrow
38:35 Padded Archer Armor
39:01 Ballistics
39:41 Chemistry
38:59 Town Watch
42:13 Caravan
42:44 Coinage
45:13 Light Cavalry
48:22 Onager
Dreadnaught
0:26 Loom
14:10 Feudal Age
19:36 Castle Age
18:10 Stone Mining
18:37 Fishing Lines
19:14 Double-Bit Axe
19:52 Gold Mining
21:26 Bow Saw
22:07 Wheelbarrow
22:19 Horse Collar
25:36 Gillnets
29:46 Imperial Age
28:02 Fletching
28:48 Bodkin Arrow
29:04 Heavy Plow
29:46 Gold Shaft Mining
29:55 Stone Shaft Mining
30:10 Husbandry
30:28 Fortified Wall
30:32 Scale Barding Armor
30:38 Forging
30:55 Pikeman
32:09 Chain Barding Armor
32:48 Conscription
32:15 Halberdier
33:03 Gambesons
33:18 Squires
34:45 Block Printing
35:45 Illumination
37:15 Iron Casting
38:41 Theocracy
38:39 Scale Mail Armor
39:58 Chain Mail Armor
42:20 Plate Mail Armor
42:40 Devotion
43:04 Sanctity
43:58 Hand Cart
46:45 Arson
46:37 Elite Cataphract
_vishi_
11:43 Feudal Age
16:09 Castle Age
14:40 Double-Bit Axe
15:03 Horse Collar
16:24 Wheelbarrow
16:12 Fishing Lines
17:11 Bow Saw
28:28 Imperial Age
25:58 Loom
26:49 Hand Cart
27:34 Heavy Plow
27:52 Gold Mining
27:53 Stone Mining
28:32 Padded Archer Armor
30:10 Leather Archer Armor
30:49 Gold Shaft Mining
31:37 Ring Archer Armor
31:13 Scale Barding Armor
31:18 Forging
33:39 Artillery
34:00 Conscription
33:09 Heavy Camel Rider
33:50 Husbandry
34:00 Bloodlines
34:18 Chain Barding Armor
34:34 Iron Casting
35:13 Bombard Tower
35:03 Masonry
34:34 Treadmill Crane
36:35 Plate Barding Armor
38:04 Blast Furnace
39:07 Two-Man Saw
42:10 Caravan
50:32 Scale Mail Armor
50:22 Fletching
52:27 Sipahi
Cryptomage
3:56 Loom
13:00 Feudal Age
17:51 Castle Age
17:35 Fishing Lines
21:03 Double-Bit Axe
22:33 Bow Saw
22:53 Pikeman
24:47 Gillnets
26:00 Horse Collar
28:04 Wheelbarrow
27:14 Town Watch
32:00 Imperial Age
30:04 Ballistics
31:20 Heavy Plow
32:46 Chemistry
32:25 Hand Cart
32:12 Town Patrol
33:39 Houfnice
35:00 Fletching
35:10 Padded Archer Armor
37:33 Squires
37:30 Bodkin Arrow
37:50 Leather Archer Armor
38:41 Caravan
40:36 Siege Engineers
40:27 Murder Holes
42:07 Leather Archer Armor
41:53 Bracer
43:38 Scale Mail Armor
43:48 Forging
44:09 Ring Archer Armor
43:53 Guilds
46:15 Chain Mail Armor
46:35 Iron Casting
47:37 Halberdier
48:50 Plate Mail Armor
49:53 Bombard Tower
zzzz123
0:56 Loom
18:19 Feudal Age
22:15 Castle Age
20:24 Horse Collar
20:32 Double-Bit Axe
36:23 Sanctity
37:18 Bow Saw
42:22 Imperial Age
41:54 Fletching
42:33 Padded Archer Armor
43:08 Bodkin Arrow
43:30 Horse Collar
44:22 Leather Archer Armor
44:44 Malon
45:52 Ballistics
46:41 Ring Archer Armor
46:56 Heavy Plow
48:31 Chemistry
48:07 Caravan
48:35 Elite Bolas Rider
50:14 Conscription
Connection lost

Rejoining the realm…

Still unreachable

The connection could not be restored.

Session expired

The server has moved on; the page needs a fresh start.